 Dungeon Crawl Stone Soup version 0.30-a0-341-g682706514a (webtiles) character file.

Game seed: 8125869439737161305

4050 Muataran the Cleaver (level 10, -3/91 HPs)
             Began as a Hill Orc Fighter on Nov 1, 2022.
             Was a Follower of Qazlal.
             Slain by a yak (13 damage)
             ... on level 7 of the Dungeon.
             The game lasted 00:12:26 (9060 turns).

Muataran the Cleaver (Hill Orc Fighter)             Turns: 9060, Time: 00:12:27

Health: -3/91      AC: 13    Str: 24    XL:     10   Next: 24%
Magic:  13/13      EV: 10    Int:  8    God:    Qazlal [*.....]
Gold:   442        SH:  0    Dex: 10    Spells: 9/9 levels left

rFire   . . .      SeeInvis .    u - +0 battleaxe
rCold   . . .      Faith    .    (shield currently unavailable)
rNeg    . . .      Spirit   .    b - +1 scale mail
rPois   .          Reflect  .    B - +0 helmet
rElec   .          Harm     .    (no cloak)
rCorr   .          Rampage  .    k - +0 pair of gloves
Will    .....                    G - +0 pair of boots
Stlth   ..........               (no amulet)
HPRegen 0.35/turn                (no ring)
MPRegen 0.13/turn                (no ring)

@: confused, ambrosia-drunk, studying Short Blades
A: no striking features
a: Renounce Religion


You were on level 7 of the Dungeon.
You worshipped Qazlal.
Qazlal was aware of your devotion.
You visited 2 branches of the dungeon, and saw 9 of its levels.

You collected 442 gold pieces.

Inventory:

Hand Weapons
 a - a +0 war axe
 u - a +0 battleaxe (weapon)
Missiles
 w - 3 throwing nets (quivered)
Armour
 b - a +1 scale mail (worn)
 c - a +0 buckler
 k - a +0 pair of gloves (worn)
 B - a +0 helmet (worn)
 G - a +0 pair of boots (worn)
Jewellery
 s - a ring of protection from cold
 t - a ring of protection from cold
 J - a ring of fire
 M - an amulet of reflection
Wands
 d - a wand of iceblast (6)
 x - a wand of polymorph (8)
Scrolls
 e - 2 scrolls of butterflies {unknown}
 h - 2 scrolls of teleportation {unknown}
 l - a scroll of amnesia {unknown}
 n - 2 scrolls of magic mapping {unknown}
 o - 2 scrolls of fear {unknown}
 q - 2 scrolls of noise {unknown}
 r - a scroll of summoning {unknown}
 y - a scroll of torment {unknown}
 C - a scroll of immolation {unknown}
 E - a scroll of vulnerability {unknown}
 F - a scroll of blinking {unknown}
 I - 2 scrolls of identify
 L - a scroll of enchant armour
Potions
 f - 2 potions of brilliance {unknown}
 g - a potion of lignification
 i - a potion of invisibility {unknown}
 j - 2 potions of haste
 m - a potion of berserk rage {unknown}
 v - a potion of magic {unknown}
 z - 2 potions of degeneration {unknown}
 A - 3 potions of flight {unknown}
 D - a potion of cancellation {unknown}
 H - 4 potions of heal wounds {unknown}
 K - a potion of curing {unknown}


   Skills:
 + Level 9.0 Fighting
 * Level 12.7 Axes
 + Level 8.1 Armour
 - Level 5.0 Shields
 * Level 4.6 Invocations


You had 9 spell levels left.
You didn't know any spells.
Your spell library contained the following spells:

 Spells                   Type           Power      Damage    Failure   Level
 Apportation              Tloc           0%         N/A       67%         1
 Necrotise                Necr           0%         1d4       67%         1
 Summon Small Mammal      Summ           0%         N/A       67%         1
 Blink                    Tloc           0%         N/A       80%         2
 Ensorcelled Hibernation  Hex/Ice        0%         N/A       80%         2
 Kindle Blastsparks       Fire/Tloc/Air  0%         2d10      95%         3
 Spider Form              Tmut/Pois      0%         N/A       95%         3
 Anguish                  Hex/Necr       0%         N/A       100%        4
 Cause Fear               Hex            0%         N/A       100%        4
 Fulminant Prism          Conj/Hex       0%         3d5       100%        4
 Iskenderun's Mystic Bla  Conj/Tloc      0%         2d3       100%        4
 Manifold Assault         Tloc           0%         N/A       100%        4
 Lee's Rapid Deconstruct  Erth           0%         3d4*      100%        5
 Dragon Form              Tmut           0%         N/A       100%        7
 Storm Form               Tmut/Air       0%         N/A       100%        7
 Dragon's Call            Summ           0%         N/A       100%        9


Dungeon Overview and Level Annotations

Branches:
Dungeon (8/15)             Temple (1/1) D:7
   Lair: D:8-11

Altars:
Cheibriados
Dithmenos
Fedhas
Gozag
Kikubaaqudgha
Makhleb
Nemelex Xobeh
Qazlal
Ru
Sif Muna
Trog
Uskayaw
Vehumet
Wu Jian
Xom
Zin
The Shining One

Shops:
D:1 :   D:4 (

Annotations:
D:3 2 transporters, IdlyInterested's ghost, amateur DsWn
D:8 Amaemon


Message History

The water moccasin poisons you! The water moccasin misses you.
You slice the water moccasin!!
You kill the water moccasin!
Qazlal accepts your kill.
You feel very sick.
Your Fighting skill increases to level 9!
You slash the wyvern!
The wyvern is heavily wounded.
You feel very sick. The wyvern bites you.
* * * LOW HITPOINT WARNING * * *
The wyvern barely misses you.
You slash the wyvern!
The wyvern is almost dead.
* * * LOW HITPOINT WARNING * * *
You feel very sick.
The wyvern bites you but does no damage.
The wyvern barely misses you.
You barely miss the wyvern.
The wyvern is almost dead.
You feel sick.
The wyvern bites you but does no damage.
You slash the wyvern!
You kill the wyvern!
Qazlal accepts your kill.
You feel sick.
You are confused.
You feel invigorated.
You feel sick. The yak barely misses you.
You bump into the rock wall.
You feel sick. The yak barely misses you.
You bump into the rock wall.
You feel sick. The yak gores you!
* * * LOW HITPOINT WARNING * * *
You bump into the rock wall.
You feel sick. The yak gores you!
* * * LOW HITPOINT WARNING * * *
You barely miss the yak.
The yak is moderately wounded.
You feel sick.
You are no longer poisoned.
The yak closely misses you.
You bump into the rock wall.
The yak gores you!
You die...

...................#.######.#.##.
..........†........#......#.#.##.
...........>.......######.#.#.##.
............#.....#######.#.#.##.
.........#..........>.....#.#.##.
...<.....'.......##########.#....
........##......Y# #......
........##....##Y# #####.#
........##....##@# #.#
..............##.###### #.#
......................# #.#
.............#........# #.#
......................# #.#
......................# #.#
......................# #.#
......................# #.#
......#...............## #.#


You could see 2 yaks.

Vanquished Creatures
  Pikel (D:4)
  Grinder (D:6)
  Sigmund (D:2)
  2 yaks (D:7)
  A wraith (D:6)
  A wyvern (D:7)
  3 water moccasins (D:7)
  Duvessa (D:6)
  3 ice beasts
  A black bear (D:6)
  An ogre (D:5)
  2 phantoms
  A centaur (D:7)
  A lemure (D:4)
  3 necrophages
  A gnoll sergeant (D:5)
  6 scorpions
  4 wights (D:6)
  Dowan (D:6)
  A hound (D:5)
  An orc priest (D:5)
  An iron imp (D:6)
  A jelly (D:6)
  8 iguanas
  4 orc wizards
  Robin (D:3)
  8 gnolls
  7 adders
  2 ufetubi
  3 worms
  2 dart slugs
  13 orcs
  7 endoplasms
  8 hobgoblins
  4 jackals (D:2)
  3 quokkas
  13 ball pythons
  6 bats
  8 goblins
  8 kobolds
  11 rats
155 creatures vanquished.

Vanquished Creatures (others)
  2 fungi (D:2)
  4 plants (D:7)
  2 withered plants (D:7)
8 creatures vanquished.

Grand Total: 163 creatures vanquished

Notes
Turn   | Place    | Note
-------+----------+-------------------------------------------
     0 | D:1      | Muataran the Hill Orc Fighter began the quest for the Orb.
     0 | D:1      | Reached XP level 1. HP: 19/19 MP: 1/1
   167 | D:1      | Reached skill level 3 in Axes
   204 | D:1      | Reached XP level 2. HP: 25/27 MP: 2/2
   688 | D:2      | Found a faded altar of an unknown god.
   751 | D:3      | Reached XP level 3. HP: 33/33 MP: 3/3
   776 | D:3      | Found a transporter.
   780 | D:3      | Noticed IdlyInterested's ghost (amateur DsWn)
   973 | D:3      | Found a transporter.
   996 | D:3      | Found a shimmering blue altar of Sif Muna.
   996 | D:3      | Found a sacrificial altar of Ru.
   996 | D:3      | Found a radiant altar of Vehumet.
  1035 | D:3      | Reached skill level 4 in Axes
  1111 | D:3      | Noticed Robin
  1119 | D:3      | Killed Robin
  1120 | D:3      | Reached XP level 4. HP: 34/40 MP: 4/4
  1753 | D:4      | Noticed a scorpion
  1762 | D:4      | Killed a scorpion
  1763 | D:4      | Reached skill level 5 in Axes
  1763 | D:4      | Reached XP level 5. HP: 34/47 MP: 5/5
  1918 | D:4      | Noticed a lemure
  1918 | D:4      | Noticed a lemure
  1929 | D:4      | Noticed Pikel
  1931 | D:4      | Noticed a lemure
  1933 | D:4      | Noticed a lemure
  1934 | D:4      | Killed a lemure
  1940 | D:4      | Killed Pikel
  1941 | D:4      | Reached skill level 5 in Fighting
  1941 | D:4      | Reached skill level 7 in Axes
  1941 | D:4      | Reached skill level 5 in Armour
  1941 | D:4      | Reached skill level 5 in Shields
  1941 | D:4      | Reached XP level 6. HP: 34/56 MP: 6/6
  1941 | D:4      | Reached XP level 7. HP: 37/61 MP: 7/7
  2158 | D:5      | Entered Level 5 of the Dungeon
  2240 | D:5      | Reached XP level 8. HP: 62/70 MP: 8/8
  2388 | D:5      | Reached skill level 8 in Axes
  2471 | D:5      | Found a hide-covered altar of Uskayaw.
  3406 | D:5      | Reached skill level 9 in Axes
  3956 | D:6      | Noticed Grinder
  3961 | D:6      | Paralysed by Grinder for 3 turns
  3965 | D:6      | Killed Grinder
  3991 | D:6      | Reached skill level 10 in Axes
  4084 | D:6      | Noticed Duvessa
  4086 | D:6      | Noticed Dowan
  4094 | D:6      | Killed Dowan
  4095 | D:6      | Reached XP level 9. HP: 51/79 MP: 9/9
  4096 | D:6      | Killed Duvessa
  4560 | D:6      | Reached skill level 11 in Axes
  4996 | D:6      | Found a snail-covered altar of Cheibriados.
  6058 | D:7      | Found an ancient bone altar of Kikubaaqudgha.
  6061 | D:7      | Found a blossoming altar of Fedhas.
  6104 | D:7      | Found a staircase to the Ecumenical Temple.
  6140 | Temple   | Entered the Ecumenical Temple
  6170 | Temple   | Became a worshipper of Qazlal Stormbringer
  6411 | D:7      | Reached skill level 1 in Invocations
  6479 | D:7      | Reached skill level 12 in Axes
  7590 | D:4      | Found Jutiza's Weapon Boutique.
  7603 | D:4      | You fall into a shaft and drop 1 floor!
  8122 | D:2      | Noticed Sigmund
  8126 | D:2      | Killed Sigmund
  8127 | D:2      | Reached XP level 10. HP: 90/90 MP: 10/12
  8621 | D:1      | Found Jarutzol's Vocational Training.
  8833 | D:8      | Noticed an orange demon
  8834 | D:8      | Noticed Amaemon
  8879 | D:7      | Reached * piety under Qazlal
  9058 | D:7      | HP: 3/91 [yak (8)]
  9060 | D:7      | Slain by a yak

Illustrated notes

Levels and vault maps discovered:
D:1:      beargit_arrival_diablo_church, layout_loops_corners,
          nicolae_shop_vocational
D:2:      layout_rooms, shapermc_ecumenical_altar_acropolis, uniq_sigmund
D:3:      layout_basic, gammafunk_temple_overflow_forgotten,
          gammafunk_ghost_mausoleum, minmay_fractal_squares_5, uniq_robin
D:4:      layout_basic, serial_shops, shop, uniq_pikel
D:5:      layout_loops_corners, nicolae_uskayaw_murder_on_the_dancefloor,
          hangedman_decor_opposing, minmay_liquid_box, kennysheep_generic_room_8
D:6:      layout_layer_cave, slow_altar_2, kennysheep_cross_bottleneck,
          minmay_misc_feat_square, minmay_manual_mail, uniq_grinder,
          uniq_duvessa
D:7:      layout_basic, grunt_temple_overflow_growth_and_decay,
          minmay_temple_entry_gardened_gates
D:8:      layout_basic, general_overflow_altar, minmay_lair_entry_grove,
          uniq_amaemon
Temple:   compressed_dpeg_triangle_lava_temple

Skill      XL: |  1  2  3  4  5  6  7  8  9 10 |
---------------+-------------------------------+-----
Axes           | 3 4 5 7 10 12 | 12.7
Fighting       | 4 5 6 7 8 9 |  9.0
Armour         | 4 5 6 7 8 |  8.1
Shields        | 4 5 |  5.0
Invocations    | 2 4 |  4.6

Action                   |  1- 3 |  4- 6 |  7- 9 | 10-12 || total
-------------------------+-------+-------+-------+-------++-------
Melee: War axe           |   106 |    55 |    49 |       ||   210
       Battleaxe         |       |       |   253 |    68 ||   321
Evoke: Wand              |       |       |     4 |       ||     4
  Use: Potion            |       |     1 |     3 |     1 ||     5
       Scroll            |       |       |     4 |       ||     4
Armor: Scale mail        |    57 |    20 |   131 |    45 ||   253
       Skin              |       |       |     1 |       ||     1
Dodge: Dodged            |    75 |    33 |   158 |    61 ||   327
Block: Buckler           |    29 |    15 |     9 |       ||    53
       Other             |       |       |       |     3 ||     3

Table legend: (Time is in decaauts)
 A = Elapsed time spent in this place.
 B = Non-inter-level travel time spent in this place.
 C = Inter-level travel time spent in this place.
 D = Time resting spent in this place.
 E = Time spent auto-exploring this place.
 F = Levels seen in this place.
 G = Mean time per level.
                   A        B        C        D        E       F      G
               +--------+--------+--------+--------+--------+-----+--------+
         Total |   9216 |   8273 |    943 |   1697 |   5226 |   9 | 1024.0 |
       Dungeon |   9169 |   8234 |    935 |   1697 |   5226 |   8 | 1146.1 |
        Temple |     46 |     38 |      8 |      0 |      0 |   1 |   46.0 |
               +--------+--------+--------+--------+--------+-----+--------+

Top non-repeatable levels by time:
     D:5: 2085 daAuts
     D:6: 2058 daAuts
     D:1: 1227 daAuts
     D:7: 1117 daAuts
     D:4: 1064 daAuts
     D:3: 1058 daAuts
     D:2: 545 daAuts
  Temple: 46 daAuts
     D:8: 11 daAuts
